 Dungeon Crawl Stone Soup version 0.28.0-62-gf88900778d (webtiles) character file.

Game seed: 8765352153417966053

2711 cbfl8 the Cleaver (level 9, -3/78 HPs)
             Began as a Minotaur Fighter on Sept 3, 2023.
             Slain by an orc knight
             ... wielding a +0 war axe
              (9 damage)
             ... in a bailey.
             The game lasted 00:10:52 (9890 turns).

cbfl8 the Cleaver (Minotaur Fighter)                Turns: 9890, Time: 00:10:53

Health: -3/78      AC: 19    Str: 21    XL:     9   Next: 39%
Magic:  8/8        EV:  6    Int:  5    God:
Gold:   128        SH:  6    Dex: 20    Spells: 8/8 levels left

rFire   . . .      SeeInvis .   t - +1 hand axe (venom)
rCold   . . .      Faith    .   c - +0 buckler
rNeg    . . .      Spirit   .   y - +0 plate armour
rPois   .          Reflect  .   i - +2 hat
rElec   .          Harm     .   k - +1 cloak
rCorr   .          Rampage  .   (no gloves)
Will    .....                   h - +0 pair of boots
Stlth   ..........              (no amulet)
HPRegen 0.23/turn               e - +6 ring of dexterity
MPRegen 0.11/turn               (no ring)

@: about to teleport, studying Throwing
A: horns 2, retaliatory headbutt
a: no special abilities


You were in a bailey.
You visited 2 branches of the dungeon, and saw 8 of its levels.
You also visited: Sewer and Bailey.

You collected 265 gold pieces.
You spent 137 gold pieces at shops.

Inventory:

Hand Weapons
 a - a +0 war axe
 t - a +1 hand axe of venom (weapon)
Missiles
 l - 6 boomerangs
 B - a throwing net (quivered)
Armour
 c - a +0 buckler (worn)
 h - a +0 pair of boots (worn)
 i - a +2 hat (worn)
 k - a +1 cloak (worn)
 y - a +0 plate armour (worn)
Jewellery
 e - a +6 ring of dexterity (left hand)
Wands
 q - a wand of flame (11)
Scrolls
 p - a scroll of enchant armour
 s - a scroll of enchant weapon
 v - 2 scrolls of fog
Potions
 b - 2 potions of lignification {unknown}
 d - a potion of might
 f - a potion of berserk rage {unknown}
 g - a potion of ambrosia {unknown}
 m - a potion of resistance {unknown}
 n - 2 potions of haste {unknown}
 o - a potion of degeneration {unknown}
 r - a potion of attraction {unknown}
 u - a potion of flight {unknown}
 z - a potion of magic {unknown}
 A - 2 potions of invisibility {unknown}


   Skills:
 + Level 6.9 Fighting
 + Level 8.8 Axes
 * Level 3.5 Throwing
 + Level 8.2 Armour
 + Level 6.0 Shields
 * Level 4.9 Evocations


You had 8 spell levels left.
You didn't know any spells.
Your spell library contained the following spells:

 Spells                   Type           Power      Damage    Failure   Level
 Fireball                 Conj/Fire      0%         3d3       100%        5
 Iskenderun's Battlesphe  Conj           0%         2d6       100%        5
 Conjure Ball Lightning   Conj/Air       0%         3x3d6     100%        6
 Orb of Destruction       Conj           0%         9d5       100%        7


Dungeon Overview and Level Annotations

Branches:
Dungeon (7/15)             Temple (1/1) D:6           Sewer (visited)
 Bailey (1/1)

Altars:
Ashenzari
Cheibriados
Dithmenos
Elyvilon
Fedhas
Gozag
Kikubaaqudgha
Makhleb
Nemelex Xobeh
Okawaru
Qazlal
Ru
Sif Muna
Vehumet
Wu Jian
Xom
Yredelemnul
Zin
The Shining One
Beogh

Shops:
D:3 (

Annotations:
D:3 2 runed translucent doors, ratkingdom's ghost, amateur HuMo
D:4 3 runed translucent doors, cbfl8's ghost, amateur HOBe
D:6 2 transporters


Innate Abilities, Weirdness & Mutations

You have a pair of horns on your head.
You reflexively headbutt those who attack you in melee.


Message History

The orc knight hits you with a +0 war axe!!
* * * LOW HITPOINT WARNING * * *
You block the orc knight's attack.
As you read the scroll of summoning, it crumbles to dust.
Wisps of shadow whirl around you...
The orc knight hits you with a +0 war axe!!
* * * LOW HITPOINT WARNING * * *
The orc knight completely misses your orc.
Unknown command.
Your orc barely misses the orc knight.
Okay, then.
The orc knight barely misses your orc.
The orc knight hits your orc with a +0 war axe.
The orc knight barely misses your orc.
The orc knight hits your orc with a +0 war axe!!
Your orc dies!
Your orc's corpse dissolves into shadows!
The orc knight hits your orc with a +0 war axe!
Your orc dies!
Your orc's corpse dissolves into shadows!
Your orc hits the orc knight but does no damage.
Your orc completely misses the orc knight.
Your orc barely misses the orc knight.
The orc knight hits your orc with a +0 war axe!!
Your orc dies!
Your orc's corpse dissolves into shadows!
The orc knight hits your orc with a +0 war axe!!
Your orc dies!
Your orc's corpse dissolves into shadows!
The orc knight hits your orc with a +0 war axe!
Your orc dies!
Your orc's corpse dissolves into shadows!
Okay, then.
As you read the scroll labelled GAOLIA OM JOR, it crumbles to dust.
It is a scroll of amnesia.
You feel forgetful for a moment.
As you read the scroll labelled WIDAKO UROUR NIRI, it crumbles to dust.
You feel strangely unstable.
It was a scroll of teleportation.
The orc knight hits you with a +0 war axe!
You die...

♣♣♣♣♣
♣♣♣♣♣♣♣♣♣♣.∩.♣♣♣♣♣♣
♣≈≈≈≈≈≈...@.....≈≈≈
≈≈≈≈≈≈≈..o.∩....≈≈≈
≈#####.........###
. ##)......## ...
##.(...## .
.8...##)')##...8
......(.†)......
......(.........
.8.............8


You could see an orc knight.

Vanquished Creatures
  A troll (D:4)
  A hornet (D:5)
  An acid dragon (D:5)
  A water moccasin (D:5)
  Pargi (Sewer)
  3 orc warriors
  2 necrophages
  2 ogres
  2 ice beasts
  A centaur (D:5)
  A wyvern zombie (D:5)
  A bullfrog (D:7)
  3 scorpions
  2 hounds
  2 jellies
  Crazy Yiuf (D:2)
  A centaur skeleton (D:4)
  3 orc priests (D:6)
  A gnoll shaman (D:7)
  4 iguanas
  An orc wizard (D:6)
  A killer bee zombie (D:6)
  A hound zombie (D:3)
  2 hound skeletons (D:4)
  6 gnolls
  8 adders
  A howler monkey skeleton (D:6)
  A white imp (D:7)
  An adder zombie (D:3)
  3 worms
  3 dart slugs
  25 orcs
  5 endoplasms
  5 giant cockroaches
  14 goblins
  8 hobgoblins
  5 jackals
  2 quokkas (D:4)
  8 ball pythons
  3 bats
  5 frilled lizards
  A giant cockroach zombie (D:3)
  18 kobolds
161 creatures vanquished.

Notes
Turn   | Place    | Note
-------+----------+-------------------------------------------
     0 | D:1      | cbfl8 the Minotaur Fighter began the quest for the Orb.
     0 | D:1      | Reached XP level 1. HP: 19/19 MP: 0/0
   543 | D:1      | Reached XP level 2. HP: 27/27 MP: 1/1
   829 | D:2      | Found a faded altar of an unknown god.
  1062 | D:2      | Reached XP level 3. HP: 33/33 MP: 2/2
  1298 | D:2      | Found a runed translucent door.
  1299 | D:2      | Noticed Crazy Yiuf
  1435 | D:2      | Reached skill level 1 in Evocations
  1750 | D:2      | Killed Crazy Yiuf
  1751 | D:2      | Reached XP level 4. HP: 32/41 MP: 3/3
  1927 | D:3      | Noticed an ice beast
  2271 | D:3      | Killed an ice beast
  2272 | D:3      | Reached XP level 5. HP: 16/47 MP: 4/4
  2810 | D:3      | Found Guewnocu's Weapon Shop.
  2817 | D:3      | Found a blossoming altar of Fedhas.
  2903 | D:3      | Found a basalt altar of Yredelemnul.
  2922 | D:3      | Found a runed translucent door.
  3012 | D:3      | Noticed ratkingdom's ghost (amateur HuMo)
  3012 | D:3      | You fall into a shaft and drop 1 floor!
  3283 | D:3      | Found a runed translucent door.
  3370 | D:3      | Reached XP level 6. HP: 51/55 MP: 5/5
  3542 | D:4      | Reached skill level 5 in Armour
  3701 | D:4      | Found a runed translucent gate.
  3701 | D:4      | Noticed cbfl8's ghost (amateur HOBe)
  3701 | D:4      | Identified the +11 dagger of Verdant Duty {drain, *Noise
                  | Fly Int+4}
  3702 | D:4      | Found a runed translucent gate.
  3704 | D:4      | Found a runed translucent gate.
  4269 | D:4      | Found a snail-covered altar of Cheibriados.
  4287 | D:4      | Reached skill level 5 in Axes
  4344 | D:3      | Bought a +1 hand axe of venom for 137 gold pieces
  4542 | D:4      | Reached skill level 5 in Fighting
  4802 | D:4      | Reached XP level 7. HP: 61/61 MP: 6/6
  4923 | D:5      | Entered Level 5 of the Dungeon
  5418 | D:5      | Found a glowing drain.
  5445 | Sewer    | Entered a sewer
  5748 | Sewer    | Noticed Pargi
  5755 | Sewer    | Killed Pargi
  5756 | Sewer    | Reached skill level 5 in Shields
  5986 | D:5      | Reached XP level 8. HP: 56/70 MP: 7/7
  6213 | D:5      | Noticed a hornet
  6216 | D:5      | Paralysed by a hornet for 2 turns
  6221 | D:5      | Killed a hornet
  6574 | D:5      | Found an opulent altar of Gozag.
  6605 | D:5      | Noticed a troll
  7053 | D:4      | Killed a troll
  7454 | D:5      | Reached skill level 1 in Throwing
  7953 | D:5      | Reached XP level 9. HP: 63/78 MP: 8/8
  8780 | D:6      | Found a transporter.
  8858 | D:6      | Found a staircase to the Ecumenical Temple.
  8879 | D:6      | Found a sparkling altar of Nemelex Xobeh.
  8969 | D:6      | Found a transporter.
  8976 | Temple   | Entered the Ecumenical Temple
  9556 | D:6      | Found an iron altar of Okawaru.
  9696 | D:7      | Found a glowing golden altar of the Shining One.
  9697 | D:7      | Found a flagged portal.
  9732 | Bailey   | Entered a bailey
  9749 | Bailey   | Noticed an orc warlord
  9830 | Bailey   | Noticed an orc knight
  9890 | Bailey   | Slain by an orc knight

Illustrated notes

Levels and vault maps discovered:
D:1:      lightli_arrival_farm, layout_basic
D:2:      minmay_angry_zag, layout_basic, nicolae_ecumenical_pavilion,
          uniq_crazy_yiuf_cottage
D:3:      kennysheep_six_static_rooms, layout_basic,
          nicolae_yredelemnul_corpse_copse, mainiacjoe_overflow_cross_hatched,
          serial_shops, shop, ebering_ghost_sewer_f,
          chequers_serial_rivers_room_a, kennysheep_doodads,
          palyth_stone_intersect
D:4:      layout_loops_cross, kennysheep_mini, biasface_ghost_orc_armoury
D:5:      layout_cave_pools, mainiacjoe_overflow_small_starburst,
          gup_sewer_entry_glass, grunt_decor_junction, chequers_arboretum,
          serial_bayou_pond_d, minmay_manual_mess
D:6:      gammafunk_steamed_eel, layout_basic, nemelex_spade_bored_becter,
          kennysheep_mini_moat, minmay_temple_entry_large_hall
D:7:      layout_basic, mainiacjoe_overflow_catwalk, jmf_multi_god_temple,
          enter_bailey_2
Temple:   hc_temple_tempest_star
Bailey:   bailey_axe_bossmonster_kennysheep, bailey

Skill      XL: |  1  2  3  4  5  6  7  8  9 |
---------------+----------------------------+-----
Fighting       | 4 5 6 |  6.9
Armour         | 4 5 6 7 8 |  8.2
Shields        | 4 5 6 |  6.0
Evocations     | 1 2 3 4 |  4.9
Axes           | 3 4 5 7 8 |  8.8
Throwing       | 1 3 |  3.5

Action                   |  1- 3 |  4- 6 |  7- 9 || total
-------------------------+-------+-------+-------++-------
Melee: War axe           |    59 |   102 |       ||   161
       Headbutt          |    10 |    24 |    51 ||    85
       Hand axe          |       |    20 |   236 ||   256
  Use: Scroll            |       |     1 |     9 ||    10
       Potion            |       |       |     6 ||     6
Armor: Scale mail        |     4 |       |       ||     4
       Chain mail        |    20 |    60 |   103 ||   183
       Plate armour      |       |       |    30 ||    30
Dodge: Dodged            |    13 |    36 |    69 ||   118
Block: Buckler           |    11 |    36 |    77 ||   124
